Map: King's Cove LE

Players

Elazer

  • Race: Zerg Zerg
  • Spawn Location: 5:00

HeRoMaRinE - Winner!

  • Race: Terran Terran
  • Spawn Location: 11:00

Event: 2019 WCS Summer

VOD

Have the link to the VOD?

Description

Time

  • Played on: July 14, 2019, 7:06 a.m.
  • Length: 25:22

All games in this series

Show
View Real Time Build Order
Export as new Build Order

Elazer Zerg 

Build Orders: Hatch First, Swarm Host 

Get SALT Encoding   

  12  0:00  Drone  
  13  0:12  Overlord  
  13  0:17  Drone  
  14  0:30  Drone x2  
  16  0:49  Hatchery  
  15  0:52  Drone  
  15  0:56  Drone  
  17  0:59  Drone  
  18  1:09  Extractor  
  17  1:14  Spawning Pool  
  17  1:18  Drone  
  17  1:21  Drone  
  18  1:28  Drone  
  19  1:38  Drone  
  20  1:49  Drone  
  21  2:00  Queen  
  24  2:01  Zergling x4, Queen  
  27  2:11  Spine Crawler  
  27  2:14  Spore Crawler  
  25  2:19  Zergling x2  
  25  2:20  Zergling x2  
  26  2:29  Zergling x2  
  26  2:39  Queen  
  27  2:44  Metabolic Boost  
  27  2:53  Overlord  
  26  3:07  Drone  
  26  3:11  Drone x4, Queen  
  26  3:12  Drone  
  34  3:18  Overlord  
  33  3:42  Zergling x6  
  33  3:46  Queen  
  33  3:48  Drone x3  
  41  3:50  Drone  
  41  3:52  Drone  
  43  4:00  Overlord  
  43  4:18  Drone x7  
  43  4:21  Drone  
  51  4:35  Overlord  
  51  4:37  Overlord  
  51  4:42  Hatchery  
  50  4:48  Drone  
  51  4:54  Drone x5  
  51  4:57  Drone  
  51  4:59  Queen, Extractor  
  58  5:04  Drone x4  
  62  5:09  Overlord  
  62  5:13  Zergling x4  
  62  5:14  Zergling x2  
  65  5:20  Overlord  
  65  5:21  Drone  
  65  5:27  Overlord  
  66  5:30  Spore Crawler  
  66  5:31  Drone  
  66  5:33  Spore Crawler  
  65  5:38  Queen  
  65  5:39  Baneling Nest  
  66  5:43  Drone x4  
  66  5:44  Drone  
  71  5:53  Drone, Overlord  
  71  5:54  Lair  
  71  5:55  Drone  
  73  5:58  Spore Crawler  
  73  5:59  Drone x2  
  73  6:04  Drone x2  
  76  6:06  Queen  
  78  6:12  Zergling x8  
  81  6:18  Queen  
  81  6:22  Overlord  
  81  6:23  Zergling x6  
  86  6:31  Spore Crawler  
  86  6:32  Drone x6  
  91  6:36  Drone x3  
  94  6:43  Drone x3, Extractor x2  
  95  6:48  Drone x3  
  95  6:52  Extractor  
  95  6:53  Centrifical Hooks, Extractor  
  96  6:54  Overseer  
  96  6:56  Drone x5  
  96  7:00  Queen  
  103  7:02  Baneling x4  
  103  7:04  Drone x2  
  103  7:05  Drone  
  106  7:11  Overlord  
  106  7:14  Drone x2  
  108  7:16  Evolution Chamber x2  
  108  7:17  Spore Crawler  
  108  7:19  Drone x4  
  109  7:35  Zergling x8  
  109  7:36  Zergling x6  
  113  7:44  Zerg Ground Armor Level 1, Zerg Melee Weapons Level 1  
  113  7:47  Overlord  
  113  7:49  Infestation Pit  
  112  7:56  Queen x3, Roach Warren  
  112  7:57  Overlord  
  117  7:58  Hatchery  
  117  8:04  Zergling x10  
  117  8:06  Baneling x4  
  117  8:24  Overlord  
  117  8:25  Infestor x4  
  123  8:32  Drone x7  
  123  8:33  Burrow  
  130  8:34  Queen x2  
  130  8:37  Glial Reconstitution  
  134  8:42  Roach  
  134  8:43  Roach x3  
  134  8:45  Extractor  
  134  8:47  Extractor  
  140  8:52  Drone x3  
  143  8:59  Neural Parasite  
  143  9:01  Overlord  
  143  9:02  Overlord x4  
  143  9:08  Spore Crawler  
  142  9:10  Drone  
  142  9:14  Drone x3  
  146  9:17  Spore Crawler x2  
  146  9:20  Drone x2  
  146  9:38  Hatchery  
  140  9:44  Infestor x2  
  132  9:46  Roach x4  
  132  9:47  Zergling x16, Roach  
  132  9:52  Ravager x3  
  153  9:53  Infestor x4, Ravager  
  153  9:54  Baneling x4  
  153  9:55  Infestor  
  153  9:56  Infestor x3  
  153  10:01  Zerg Missile Weapons Level 1, Zerg Melee Weapons Level 2  
  153  10:04  Overlord  
  153  10:11  Spore Crawler  
  152  10:34  Zergling x20  
  156  10:39  Swarm Host x7  
  156  10:40  Swarm Host x3  
  194  10:47  Hive, Nydus Network  
  194  10:48  Spore Crawler x2  
  191  10:50  Swarm Host  
  194  10:57  Spine Crawler x2  
  194  10:58  Spine Crawler  
  193  11:04  Ravager x4  
  193  11:06  Overseer  
  193  11:08  Overseer  
  195  11:13  Infestor x4  
  194  11:22  Baneling x12  
  194  11:26  Nydus Canal  
  194  11:31  Ravager  
  195  11:36  Pathogen Glands  
  195  11:59  Nydus Canal  
  195  12:00  Zerg Missile Weapons Level 2  
  195  12:07  Infestor x2  
  179  12:46  Zergling x32  
  179  12:47  Zergling x12  
  184  12:53  Roach x8  
  184  12:55  Overlord  
  188  13:12  Zergling x24  
  192  13:19  Zergling x6  
  180  13:25  Infestor x2  
  180  13:26  Infestor  
  180  13:27  Infestor x3  
  180  13:31  Ravager x7  
  180  13:32  Baneling x12  
  180  13:33  Zergling x4  
  189  13:40  Zerg Melee Weapons Level 3  
  189  13:45  Baneling x7  
  189  13:46  Baneling x2, Overseer  
  189  13:47  Zergling x14  
  196  13:57  Zergling x2  
  196  13:58  Zergling x6  
  196  13:59  Baneling x7  
  196  14:12  Zergling x2  
  196  14:13  Zergling x14  
  196  14:18  Zergling x6  
  196  14:26  Zergling x8  
  187  14:31  Zergling x16  
  183  14:38  Roach x4  
  182  14:46  Roach x4  
  182  14:47  Baneling x11  
  188  14:53  Infestor x2  
  188  14:57  Infestor x2  
  196  15:04  Nydus Canal  
  196  15:07  Zerg Missile Weapons Level 3  
  196  15:09  Spire  
  196  15:10  Spore Crawler  
  196  15:13  Extractor, Spore Crawler x2  
  191  15:15  Zergling x2  
  191  15:16  Zergling x10  
  191  15:17  Extractor  
  190  15:27  Zergling x2  
  190  15:28  Zergling x18  
  184  15:30  Nydus Canal  
  184  15:33  Zergling x4  
  181  15:41  Zergling x6  
  184  15:49  Ravager x3  
  192  15:50  Baneling, Ravager x5  
  192  15:51  Baneling x12  
  192  15:57  Zergling x12  
  198  16:07  Overlord  
  198  16:10  Hatchery  
  197  16:13  Nydus Canal  
  197  16:14  Zergling x2  
  197  16:16  Baneling x9  
  197  16:18  Zerg Ground Armor Level 2  
  198  16:20  Baneling x12  
  192  16:27  Spine Crawler x2  
  192  16:28  Spine Crawler  
  192  16:30  Spine Crawler  
  158  16:42  Zergling x12  
  158  16:43  Zergling x36  
  163  16:55  Roach x5  
  172  17:06  Infestor  
  172  17:07  Infestor x3, Greater Spire  
  180  17:09  Roach  
  182  17:18  Nydus Canal  
  182  17:24  Zergling x12  
  182  17:29  Ravager x5  
  193  17:30  Zergling x10  
  192  17:42  Zergling x10  
  192  17:43  Zergling x14  
  180  17:45  Zergling x8  
  181  17:55  Drone x3  
  184  18:03  Nydus Canal  
  184  18:06  Baneling x16  
  184  18:08  Ravager  
  184  18:09  Zergling x22  
  196  18:17  Extractor  
  184  18:22  Zergling x12  
  183  18:28  Nydus Canal  
  183  18:33  Baneling x8  
  183  18:34  Zergling x2  
  183  18:35  Zergling x10  
  187  18:41  Zerg Flyer Weapons Level 1  
  187  18:42  Overlord x2  
  187  18:45  Drone x4  
  190  19:09  Zergling x14  
  181  19:10  Zergling x10  
  159  19:22  Zergling x6  
  159  19:23  Zergling x14  
  127  19:31  Roach x2  
  127  19:37  Infestor x3  
  127  19:38  Infestor x3  
  133  19:44  Infestor x2  
  133  19:45  Infestor  
  139  19:46  Infestor x3  
  139  19:51  Baneling x9  
  145  19:57  Ravager x2, Roach  
  151  20:00  Roach x2  
  151  20:06  Roach x3  
  153  20:09  Roach  
  154  20:20  Swarm Host  
  154  20:21  Swarm Host x4  
  167  20:29  Infestor x4  
  167  20:30  Infestor x7  
  167  20:34  Hatchery  
  167  20:35  Ravager x7  
  173  20:48  Zergling x18  
  182  20:50  Baneling x6  
  165  21:07  Zergling x22  
  150  21:12  Zergling x8  
  150  21:16  Infestor x8  
  150  21:18  Roach  
  146  21:23  Roach x4  
  144  21:37  Roach x5  
  150  21:40  Infestor  
  145  21:48  Swarm Host x4  
  146  22:03  Zergling x12  
  152  22:13  Zergling x10  
  151  22:18  Zergling x2  
  151  22:19  Zergling x6  
  149  22:26  Roach x5  
  149  22:37  Ravager x2  
  151  22:45  Hatchery  
  150  22:53  Ravager x5  
  155  22:58  Zergling x6  
  155  22:59  Zergling x18  
  155  23:03  Infestor  
  169  23:07  Infestor  
  169  23:10  Extractor  
  170  23:17  Nydus Canal  
  163  23:21  Drone x6  
  168  23:40  Baneling x8  
  168  23:41  Infestor x3  
  173  23:58  Baneling x2  
  173  23:59  Baneling x5  
  173  24:02  Zergling x16  
  175  24:21  Hatchery  
Show
View Real Time Build Order
Export as new Build Order

HeRoMaRinE Terran - Winner!

Build Orders: Mech 

Get SALT Encoding   

  12  0:00  SCV  
  13  0:12  SCV  
  14  0:19  Supply Depot  
  14  0:41  Barracks  
  14  0:43  Refinery  
  14  0:57  Barracks  
  14  1:01  SCV  
  15  1:13  SCV  
  16  1:28  Orbital Command, Reaper  
  17  1:38  Refinery  
  17  1:43  Reaper  
  18  1:54  SCV  
  19  2:01  Supply Depot  
  19  2:02  Reaper  
  19  2:06  SCV  
  21  2:15  Reaper  
  21  2:19  SCV  
  23  2:31  SCV  
  23  2:34  Reaper  
  25  2:42  Factory  
  25  2:43  SCV  
  26  2:48  Reaper  
  27  2:55  SCV  
  27  3:06  Reaper  
  27  3:07  SCV  
  29  3:19  SCV  
  30  3:22  Command Center  
  30  3:24  Reaper  
  31  3:40  SCV  
  31  3:46  Starport  
  31  3:49  Factory Reactor, Supply Depot  
  31  4:10  SCV  
  31  4:12  Supply Depot  
  32  4:20  Command Center  
  32  4:23  SCV  
  33  4:26  Hellion, Fusion Core  
  35  4:31  Hellion  
  35  4:35  SCV  
  38  4:47  SCV  
  38  4:48  Hellion  
  41  4:53  Hellion  
  41  4:58  Orbital Command  
  44  5:00  SCV  
  44  5:02  Starport Tech Lab  
  44  5:12  SCV  
  45  5:21  Battlecruiser  
  45  5:24  SCV  
  45  5:25  SCV  
  53  5:29  Hellion  
  53  5:33  Hellion  
  57  5:38  Orbital Command  
  57  5:39  SCV  
  57  5:41  SCV  
  59  5:51  SCV  
  59  5:53  SCV  
  59  5:55  Refinery x2  
  61  6:03  Factory Tech Lab, SCV  
  62  6:05  SCV x2  
  62  6:06  Marine  
  62  6:07  Marine  
  66  6:12  Weapon Refit  
  66  6:14  Supply Depot  
  66  6:15  SCV  
  66  6:17  SCV x2  
  69  6:24  Marine x2  
  71  6:28  SCV  
  71  6:30  Orbital Command  
  73  6:35  SCV  
  73  6:36  Battlecruiser  
  73  6:38  Supply Depot  
  79  6:40  SCV  
  79  6:44  Siege Tank  
  83  6:47  SCV  
  83  6:52  SCV  
  85  6:59  Marine x2, Factory  
  85  7:00  SCV, Factory  
  88  7:03  SCV  
  88  7:04  SCV  
  90  7:12  SCV  
  90  7:15  SCV  
  92  7:16  Refinery, SCV  
  92  7:19  Refinery  
  93  7:31  Supply Depot  
  93  7:33  Siege Tank, SCV x3  
  93  7:36  Supply Depot  
  101  7:38  Supply Depot  
  101  7:45  SCV x2  
  101  7:47  Factory Tech Lab  
  101  7:50  SCV  
  100  7:53  Battlecruiser  
  100  7:54  Supply Depot  
  100  7:57  SCV x2  
  108  8:03  SCV  
  108  8:05  Cyclone, Mag-Field Accelerator  
  112  8:07  Cyclone  
  112  8:10  SCV x2  
  115  8:14  Hellion x2  
  115  8:16  SCV  
  120  8:21  Supply Depot  
  120  8:22  SCV  
  120  8:23  Armory  
  120  8:27  SCV  
  122  8:28  SCV  
  122  8:29  Armory  
  122  8:34  SCV  
  124  8:35  Engineering Bay  
  124  8:40  Cyclone x2  
  130  8:48  Supply Depot, Infernal Pre-Igniter  
  130  8:53  Hellion  
  130  8:54  Factory x2  
  130  8:55  Hellion  
  134  9:05  Command Center  
  134  9:14  Terran Vehicle Weapons Level 1  
  134  9:16  Terran Vehicle And Ship Armor Level 1, Supply Depot  
  134  9:20  Siege Tank x2  
  134  9:22  Hellion x2  
  140  9:44  Factory Reactor, Factory Tech Lab  
  132  9:47  Hellion x2  
  132  9:51  Command Center  
  132  9:52  Siege Tank x2  
  142  9:54  Command Center  
  142  9:58  Supply Depot  
  142  10:00  Supply Depot  
  142  10:04  Factory  
  142  10:06  Factory  
  142  10:08  Siege Tank, Factory  
  142  10:11  Hellion x2  
  149  10:14  SCV x2  
  149  10:15  SCV  
  152  10:25  Refinery  
  152  10:26  Siege Tank x2, SCV  
  152  10:27  SCV x2  
  152  10:28  Refinery  
  149  10:37  Hellion x2  
  149  10:38  Hellion  
  149  10:40  Siege Tank, Planetary Fortress  
  155  10:49  Factory Tech Lab  
  155  10:58  Siege Tank x2  
  155  10:59  Factory Tech Lab x2  
  155  11:01  Hellion  
  155  11:02  Hellion  
  155  11:03  Hellion x2  
  169  11:09  Orbital Command  
  171  11:23  SCV x2  
  176  11:26  SCV x2  
  176  11:27  Factory Reactor  
  181  11:33  Cyclone x3  
  181  11:36  Refinery  
  181  11:37  Cyclone  
  181  11:39  Missile Turret  
  185  11:40  Refinery  
  185  11:43  Orbital Command  
  185  11:44  Hellion x2  
  191  11:47  Hellion  
  191  11:48  Cyclone  
  194  11:58  Armory  
  194  11:59  Armory  
  192  12:01  Hellion  
  192  12:03  Orbital Command  
  192  12:05  Hellion, Cyclone  
  192  12:31  Cyclone  
  187  12:38  Cyclone  
  187  12:39  Hellion x2  
  162  12:45  Cyclone x2  
  162  12:46  Hellion x2  
  162  12:48  Hellion x2  
  162  12:49  Cyclone  
  162  12:51  Terran Vehicle Weapons Level 2, Terran Vehicle And Ship Armor Level 2  
  169  12:57  SCV  
  169  12:58  SCV x2  
  172  13:00  SCV x2, Hellion  
  172  13:01  Hellion  
  172  13:03  Cyclone  
  166  13:09  SCV  
  166  13:10  Cyclone  
  166  13:12  Hellion  
  159  13:14  Hellion x2  
  159  13:15  Hellion  
  159  13:17  Cyclone x2  
  153  13:21  Cyclone  
  153  13:22  Hellion x2  
  153  13:25  Battlecruiser  
  160  13:33  Hellion  
  154  13:35  Cyclone, Hellion  
  154  13:36  Orbital Command  
  159  13:42  Cyclone  
  159  13:44  Factory  
  159  13:46  Factory  
  159  13:47  Hellion x2  
  166  13:49  Cyclone  
  166  13:51  Hellion x2  
  166  13:53  Cyclone  
  174  13:56  Cyclone  
  174  14:08  Cyclone  
  172  14:11  Hellion x2  
  172  14:14  Cyclone, Hellion x2  
  170  14:20  Hellion  
  170  14:21  Cyclone  
  171  14:26  Cyclone  
  171  14:28  Cyclone  
  164  14:31  Hellion  
  164  14:32  Hellion  
  164  14:39  Hellion  
  164  14:40  Cyclone  
  164  14:46  Cyclone  
  164  14:50  Hellion  
  164  14:51  Hellion  
  169  14:53  Cyclone  
  169  14:55  Hellion x2  
  169  14:56  Hellion  
  169  14:58  Cyclone  
  181  15:00  Cyclone  
  181  15:01  Hellion  
  186  15:07  Terran Vehicle Weapons Level 3, Terran Vehicle And Ship Armor Level 3  
  186  15:12  Cyclone  
  189  15:14  Factory  
  189  15:15  Factory  
  189  15:18  Cyclone  
  187  15:22  Hellion x2  
  187  15:25  Siege Tank  
  187  15:27  Hellion x2  
  179  15:30  Siege Tank  
  172  15:39  Hellion  
  172  15:41  Hellion  
  176  15:43  Hellion  
  176  15:44  Siege Tank x2  
  176  15:48  Hellion x2  
  182  15:50  Siege Tank, Hellion  
  182  15:52  Orbital Command  
  182  15:56  Command Center  
  187  15:58  Siege Tank  
  187  16:00  Hellion  
  187  16:02  Siege Tank  
  185  16:16  Cyclone x2  
  185  16:22  Cyclone  
  180  16:29  Hellion  
  180  16:30  Cyclone  
  180  16:32  Hellion  
  168  16:34  Cyclone  
  168  16:39  Hellion x2  
  168  16:40  Hellion x4  
  165  16:48  Cyclone x2  
  165  16:50  Orbital Command  
  165  16:51  Hellion  
  165  16:53  Hellion  
  171  16:54  Cyclone  
  171  17:01  Hellion x3  
  177  17:02  Hellion x2, Cyclone  
  177  17:06  Cyclone  
  185  17:12  Hellion  
  185  17:15  Hellion  
  184  17:18  Refinery  
  184  17:20  Cyclone  
  184  17:21  Hellion  
  189  17:24  Hellion x2  
  189  17:25  Hellion x3  
  195  17:37  Orbital Command  
  195  17:39  Command Center, Cyclone x2  
  195  17:40  Command Center, Hellion x2  
  195  17:42  Cyclone  
  195  17:44  Hellion  
  177  17:45  Hellion x2  
  177  17:48  Hellion x2  
  187  17:52  Hellion  
  180  18:02  Factory Tech Lab, Hellion x2  
  180  18:03  SCV  
  180  18:05  Cyclone  
  182  18:07  SCV x2, Hellion  
  182  18:09  SCV  
  182  18:11  Cyclone  
  182  18:12  Cyclone  
  193  18:13  Cyclone  
  193  18:14  Refinery x2  
  193  18:15  Sensor Tower  
  193  18:16  Sensor Tower  
  196  18:20  Cyclone  
  196  18:27  Cyclone  
  196  18:37  Cyclone  
  199  18:59  Orbital Command x2  
  199  19:01  Hellion  
  199  19:04  Cyclone  
  194  19:10  Cyclone  
  194  19:13  Cyclone  
  194  19:14  Hellion x2  
  194  19:16  Cyclone  
  174  19:17  Orbital Command  
  174  19:18  Hellion, Cyclone  
  174  19:19  Cyclone, Hellion  
  174  19:24  Hellion x2  
  142  19:36  Cyclone, Hellion x2  
  142  19:37  SCV x4  
  151  19:40  Hellion x2  
  151  19:42  Cyclone  
  151  19:45  Hellion x2  
  164  19:46  Hellion  
  164  19:48  Cyclone  
  164  19:50  Cyclone  
  164  19:51  Cyclone  
  173  19:57  Terran Ship Weapons Level 1  
  173  20:02  Orbital Command, Hellion x2  
  173  20:07  Cyclone  
  180  20:08  Cyclone  
  180  20:12  Hellion x2  
  187  20:14  Cyclone  
  187  20:20  Hellion  
  187  20:21  Cyclone  
  188  20:22  Cyclone  
  188  20:23  Cyclone  
  188  20:24  Hellion  
  190  20:39  Cyclone  
  193  20:44  Cyclone  
  193  20:46  Cyclone  
  193  21:00  Siege Tank x2, Cyclone  
  193  21:03  Hellion x3  
  183  21:04  Hellion x2  
  183  21:06  Hellion  
  183  21:11  Siege Tank  
  172  21:16  Cyclone  
  172  21:18  Cyclone  
  153  21:24  Hellion x2  
  157  21:32  Siege Tank, Cyclone x2  
  160  21:37  SCV, Hellion x2  
  160  21:39  Refinery  
  151  21:43  Cyclone  
  151  21:45  Hellion  
  150  21:48  Cyclone  
  150  21:50  Cyclone  
  150  21:53  Refinery  
  156  21:57  Hellion x2  
  156  21:58  Hellion  
  143  22:04  Hellion, Cyclone x3  
  152  22:11  Hellion  
  152  22:12  Hellion  
  152  22:15  Cyclone  
  130  22:18  Hellion  
  130  22:19  Orbital Command  
  130  22:20  Cyclone  
  125  22:25  Cyclone  
  125  22:26  Hellion x3  
  131  22:32  Orbital Command  
  131  22:33  Hellion x2  
  131  22:36  Cyclone  
  131  22:37  Hellion x2  
  139  22:40  Hellion  
  141  22:47  Hellion x2, Cyclone  
  141  22:48  Hellion  
  141  22:51  Refinery  
  147  22:52  Hellion  
  147  22:57  Cyclone  
  152  22:59  Sensor Tower  
  152  23:00  Hellion  
  154  23:06  Refinery  
  154  23:07  Cyclone x2  
  154  23:10  Cyclone  
  161  23:13  Cyclone  
  162  23:21  Cyclone  
  162  23:26  Hellion x2  
  169  23:29  Cyclone  
  169  23:33  Hellion x2  
  174  23:35  Hellion  
  174  23:38  Hellion  
  174  23:39  Cyclone x2  
  184  23:42  Hellion  
  184  23:45  Siege Tank  
  184  23:48  Hellion x2  
  193  23:53  Siege Tank  
  196  24:01  Cyclone  
  190  24:09  Hellion  
  194  24:10  Hellion  
  194  24:11  Siege Tank  
  194  24:12  Hellion  
  187  24:39  Siege Tank  
  187  24:41  Hellion  
  187  24:42  Hellion  
  187  24:43  Hellion x2  
  187  24:45  Siege Tank  
  186  24:46  Hellion  
  186  24:47  Siege Tank, Hellion  
  186  24:48  Hellion  
  186  24:49  Hellion  
  191  25:00  Starport  
  191  25:01  Command Center  
  191  25:04  Starport  
Tags
 
Add a new tag
Caveats
  • Supply blocks, unpowered buildings, or Contaminate may cause inaccurate times.
  • Supply counts are checked every 10 seconds.